PAAA
NAPERVILLE BATTLEKINGS @ SALT LAKE CITY BUZZ
07/25/2022
 
TOP OF THE 1ST
Naperville Battlekings batting - Pitching for Salt Lake City Buzz : RHP Huai-yu Kan
Pitching: RHP Huai-yu Kan
Batting: RHB Scott Peterson 0-0: Ball
1-0: Ball
2-0: Called Strike
2-1: SINGLE (Line Drive, 6D)
Batting: RHB Tony Sánchez 0-0: SINGLE (Groundball, 4D)
Scott Peterson to second
Runner from 2nd tries for 3rd, SAFE, throw made to third
Tony Sánchez to second
Batting: RHB Joe Ferneyhough 0-0: Called Strike
0-1: Called Strike
0-2: Fly out, F8 (Popup, 4MD)
Batting: RHB Pedro González 0-0: Ball
1-0: Ball
2-0: Ground out 6-3 (Groundball, 6)
Scott Peterson scores
Batting: RHB Sal Haynes 0-0: Swinging Strike
0-1: Ball
1-1: Fly out, F6 (Line Drive, 6)
Top of the 1st over - 1 run(s), 2 hit(s), 0 error(s), 1 left on base; Naperville 1 - Salt Lake City 0
BOTTOM OF THE 1ST
Salt Lake City Buzz batting - Pitching for Naperville Battlekings : RHP Steve Sanders
Pitching: RHP Steve Sanders
Batting: RHB Roberto Ríos 0-0: Fly out, F9 (Popup, 4D)
Batting: SHB Carlton Reed 0-0: Ball
1-0: SINGLE (Flyball, 78S)
Batting: RHB Oliver Aranda 0-0: Ball
1-0: Foul Ball, location: 2F
1-1: Ball
2-1: 2-RUN HOME RUN (Flyball, 78XD), Distance : 438 ft
Batting: RHB Miguel Vidro 0-0: Called Strike
0-1: Ball
1-1: SINGLE (Groundball, 4M)
Batting: RHB Ichiyo Fujii 0-0: Ball
1-0: Swinging Strike
1-1: Foul Ball, location: 2F
1-2: Ball
2-2: Ball
3-2: SINGLE (Groundball, 56) (infield hit)
Miguel Vidro to second
Batting: RHB Zach Lewis 0-0: Ball
1-0: Called Strike
1-1: Called Strike
1-2: Ball
2-2: Foul Ball, location: 2F
2-2: Foul Ball, location: 2F
2-2: Strikes out swinging
Batting: RHB José Herrera 0-0: Ball
1-0: Ball
2-0: SINGLE (Line Drive, 89S)
Miguel Vidro to third
Ichiyo Fujii to second
Runner from 3rd tries for Home, SAFE, no throw or cutoff
Batting: RHB Jim Coffey 0-0: Ball
1-0: Foul Ball, location: 2F
1-1: Foul Ball, location: 2F
1-2: Ball
2-2: Ground out 6-3 (Groundball, 6)
Bottom of the 1st over - 3 run(s), 5 hit(s), 0 error(s), 2 left on base; Naperville 1 - Salt Lake City 3
TOP OF THE 2ND
Naperville Battlekings batting - Pitching for Salt Lake City Buzz : RHP Huai-yu Kan
Batting: RHB Carlos Gómez 0-0: Ground out 6-3 (Groundball, 6)
Batting: RHB Kevin Tyler 0-0: Ball
1-0: DOUBLE (Flyball, 89M)
Batting: RHB Tim Little 0-0: Swinging Strike
0-1: Ball
1-1: Called Strike
1-2: Ball
2-2: Ball
3-2: Foul Ball, location: 2F
3-2: Strikes out looking
Batting: LHB Alfonso Martínez 0-0: Ball
1-0: Ground out 3-1 (Groundball, 3)
Top of the 2nd over - 0 run(s), 1 hit(s), 0 error(s), 1 left on base; Naperville 1 - Salt Lake City 3
BOTTOM OF THE 2ND
Salt Lake City Buzz batting - Pitching for Naperville Battlekings : RHP Steve Sanders
Batting: RHB Jorge Torrez 0-0: Fly out, F7 (Flyball, 78D)
Batting: RHB Roberto Ríos 0-0: Called Strike
0-1: Called Strike
0-2: Ground out 5-3 (Groundball, 5L)
Batting: SHB Carlton Reed 0-0: Swinging Strike
0-1: Ball
1-1: Ball
2-1: Foul Ball, location: 2F
2-2: Ball
3-2: Fly out, F7 (Popup, 7S)
Bottom of the 2nd over - 0 run(s), 0 hit(s), 0 error(s), 0 left on base; Naperville 1 - Salt Lake City 3
TOP OF THE 3RD
Naperville Battlekings batting - Pitching for Salt Lake City Buzz : RHP Huai-yu Kan
Batting: RHB Scott Peterson 0-0: Called Strike
0-1: Ball
1-1: Foul Ball, location: 2F
1-2: Ball
2-2: Ground out 4-3 (Groundball, 4)
Batting: RHB Tony Sánchez 0-0: Ground out 6-3 (Groundball, 6)
Batting: RHB Joe Ferneyhough 0-0: Ball
1-0: Swinging Strike
1-1: Swinging Strike
1-2: Ball
2-2: Ground out 4-3 (Groundball, 4)
Top of the 3rd over - 0 run(s), 0 hit(s), 0 error(s), 0 left on base; Naperville 1 - Salt Lake City 3
BOTTOM OF THE 3RD
Salt Lake City Buzz batting - Pitching for Naperville Battlekings : RHP Steve Sanders
Batting: RHB Oliver Aranda 0-0: Ball
1-0: SINGLE (Line Drive, 6M)
Batting: RHB Miguel Vidro Pickoff Throw to First - Out!
0-0: Called Strike
0-1: Foul Ball, location: 2F
0-2: Strikes out swinging
Batting: RHB Ichiyo Fujii 0-0: Ball
1-0: Ball
2-0: Called Strike
2-1: Swinging Strike
2-2: Strikes out looking
Bottom of the 3rd over - 0 run(s), 1 hit(s), 0 error(s), 0 left on base; Naperville 1 - Salt Lake City 3
TOP OF THE 4TH
Naperville Battlekings batting - Pitching for Salt Lake City Buzz : RHP Huai-yu Kan
Batting: RHB Pedro González 0-0: Called Strike
0-1: Called Strike
0-2: Ball
1-2: SINGLE (Groundball, 56)
Batting: RHB Sal Haynes 0-0: Fly out, F3 (Popup, 3DF)
Batting: RHB Carlos Gómez 0-0: Swinging Strike
0-1: Ball
1-1: Swinging Strike
1-2: Strikes out looking
Batting: RHB Kevin Tyler 0-0: Ball
1-0: Fly out, F3 (Popup, 3F)
Top of the 4th over - 0 run(s), 1 hit(s), 0 error(s), 1 left on base; Naperville 1 - Salt Lake City 3
BOTTOM OF THE 4TH
Salt Lake City Buzz batting - Pitching for Naperville Battlekings : RHP Steve Sanders
Batting: RHB Zach Lewis 0-0: Ball
1-0: Called Strike
1-1: Ball
2-1: Fly out, F4 (Popup, 4)
Batting: RHB José Herrera 0-0: Ball
1-0: Ball
2-0: Fly out, F6 (Popup, 6M)
Batting: RHB Jim Coffey 0-0: SINGLE (Line Drive, 8LS)
Batting: RHB Jorge Torrez 0-0: Called Strike
0-1: Ground out 6-3 (Groundball, 6)
Bottom of the 4th over - 0 run(s), 1 hit(s), 0 error(s), 1 left on base; Naperville 1 - Salt Lake City 3
TOP OF THE 5TH
Naperville Battlekings batting - Pitching for Salt Lake City Buzz : RHP Huai-yu Kan
Batting: RHB Tim Little 0-0: Ball
1-0: Foul Ball, location: 2F
1-1: SINGLE (Groundball, 56D)
Batting: LHB Alfonso Martínez 0-0: Bunted foul
0-1: Bunted foul
0-2: Foul Ball, location: 2F
0-2: Ball
1-2: Ball
2-2: Foul Ball, location: 2F
2-2: Grounds into double play, U4-3 (Groundball, 4M)
Batting: RHB Scott Peterson 0-0: DOUBLE (Line Drive, 9LS)
Batting: RHB Tony Sánchez 0-0: Fly out, F4 (Line Drive, 4)
Top of the 5th over - 0 run(s), 2 hit(s), 0 error(s), 1 left on base; Naperville 1 - Salt Lake City 3
BOTTOM OF THE 5TH
Salt Lake City Buzz batting - Pitching for Naperville Battlekings : RHP Steve Sanders
Batting: RHB Roberto Ríos 0-0: Fly out, F9 (Flyball, 89M)
Batting: SHB Carlton Reed 0-0: Ball
1-0: Ball
2-0: Called Strike
2-1: Foul Ball, location: 2F
2-2: Ground out U3 (Groundball, 3)
Batting: RHB Oliver Aranda 0-0: Ball
1-0: Ball
2-0: Swinging Strike
2-1: Fly out, F4 (Popup, 34D)
Bottom of the 5th over - 0 run(s), 0 hit(s), 0 error(s), 0 left on base; Naperville 1 - Salt Lake City 3
TOP OF THE 6TH
Naperville Battlekings batting - Pitching for Salt Lake City Buzz : RHP Huai-yu Kan
Batting: RHB Joe Ferneyhough 0-0: Ball
1-0: Foul Ball, location: 2F
1-1: Ball
2-1: Foul Ball, location: 2F
2-2: Foul Ball, location: 2F
2-2: Ball
3-2: Base on Balls
Batting: RHB Pedro González 0-0: Foul Ball, location: 2F
0-1: Ball
1-1: Foul Ball, location: 2F
1-2: Ground out 3-1 (Groundball, 34)
Joe Ferneyhough to second
Batting: RHB Sal Haynes 0-0: Ball
1-0: Foul Ball, location: 2F
1-1: Ground out 6-3 (Groundball, 6M)
Joe Ferneyhough to third
Batting: RHB Carlos Gómez 0-0: Ball
1-0: Foul Ball, location: 2F
1-1: Ball
2-1: Ball
3-1: Base on Balls
Batting: RHB Kevin Tyler 0-0: Ball
1-0: Ball
2-0: Called Strike
2-1: Called Strike
2-2: Ball
3-2: Base on Balls
Carlos Gómez to second
Batting: RHB Tim Little 0-0: Ball
1-0: Ball
2-0: Called Strike
2-1: Called Strike
2-2: Ball
3-2: Ground out 6-3 (Groundball, 6)
Top of the 6th over - 0 run(s), 0 hit(s), 0 error(s), 3 left on base; Naperville 1 - Salt Lake City 3
BOTTOM OF THE 6TH
Salt Lake City Buzz batting - Pitching for Naperville Battlekings : RHP Steve Sanders
Batting: RHB Miguel Vidro 0-0: SINGLE (Groundball, 13) (infield hit)
Batting: RHB Ichiyo Fujii 0-0: Ball
1-0: Ball
2-0: Swinging Strike
2-1: 2-RUN HOME RUN (Flyball, 7D), Distance : 414 ft
Batting: RHB Zach Lewis 0-0: Called Strike
0-1: Ball
1-1: Ball
2-1: Foul Ball, location: 2F
2-2: Ground out 6-3 (Groundball, 56)
Batting: RHB José Herrera 0-0: Ground out 6-3 (Groundball, 6)
Batting: RHB Jim Coffey 0-0: Ball
1-0: Foul Ball, location: 2F
1-1: Fly out, F8 (Flyball, 8RD)
Bottom of the 6th over - 2 run(s), 2 hit(s), 0 error(s), 0 left on base; Naperville 1 - Salt Lake City 5
TOP OF THE 7TH
Naperville Battlekings batting - Pitching for Salt Lake City Buzz : RHP Huai-yu Kan
Pitching: RHP Alberto García
Batting: LHB Alfonso Martínez 0-0: Ball
1-0: Called Strike
1-1: Ball
2-1: Foul Ball, location: 2F
2-2: Ground out 6-3 (Groundball, 6)
Batting: RHB Scott Peterson 0-0: Foul Ball, location: 2F
0-1: Ball
1-1: Ball
2-1: Swinging Strike
2-2: TRIPLE (Line Drive, 9LS)
Batting: RHB Tony Sánchez 0-0: Ball
1-0: Foul Ball, location: 2F
1-1: Foul Ball, location: 2F
1-2: Foul Ball, location: 2F
1-2: Ball
2-2: Ball
3-2: SINGLE (Groundball, 6MD)
Scott Peterson scores
Batting: RHB Joe Ferneyhough 0-0: Swinging Strike
0-1: Called Strike
0-2: Foul Ball, location: 2F
0-2: Strikes out swinging
Batting: RHB Pedro González 0-0: Fly out, F8 (Line Drive, 8LM)
Top of the 7th over - 1 run(s), 2 hit(s), 0 error(s), 1 left on base; Naperville 2 - Salt Lake City 5
BOTTOM OF THE 7TH
Salt Lake City Buzz batting - Pitching for Naperville Battlekings : RHP Steve Sanders
Batting: RHB Jorge Torrez 0-0: SINGLE (Groundball, 6M)
Batting: RHB Roberto Ríos 0-0: Ball
1-0: Reached on error, E2 (Groundball, 25)
Jorge Torrez to third
Batting: SHB Carlton Reed 0-0: Fly out, F7 (Flyball, 78M)
Runner from 3rd tags up, SCORES, throw made
Batting: RHB Oliver Aranda 0-0: Intentional Walk
Batting: RHB Miguel Vidro 0-0: Foul Ball, location: 2F
0-1: Ball
1-1: Fly out, F8 (Flyball, 8LM)
Batting: RHB Ichiyo Fujii 0-0: Fly out, F8 (Flyball, 89D)
Bottom of the 7th over - 1 run(s), 1 hit(s), 1 error(s), 2 left on base; Naperville 2 - Salt Lake City 6
TOP OF THE 8TH
Naperville Battlekings batting - Pitching for Salt Lake City Buzz : RHP Alberto García
Batting: RHB Sal Haynes 0-0: Called Strike
0-1: Ball
1-1: Ball
2-1: Ball
3-1: Ground out 4-3 (Groundball, 4)
Batting: RHB Carlos Gómez 0-0: Called Strike
0-1: Swinging Strike
0-2: Strikes out swinging
Batting: RHB Kevin Tyler 0-0: Ball
1-0: Ball
2-0: Ball
3-0: Called Strike
3-1: Fly out, F9 (Flyball, 9S)
Top of the 8th over - 0 run(s), 0 hit(s), 0 error(s), 0 left on base; Naperville 2 - Salt Lake City 6
BOTTOM OF THE 8TH
Salt Lake City Buzz batting - Pitching for Naperville Battlekings : RHP Steve Sanders
Batting: RHB Zach Lewis 0-0: Called Strike
0-1: Ball
1-1: Foul Ball, location: 2F
1-2: Reached on error, E6 (Groundball, 6M)
Pitching: RHP Carl O'Malloy
Batting: RHB José Herrera 0-0: Bunted foul
0-1: Bunted foul
0-2: Foul Ball, location: 2F
0-2: Fly out, F3 (Popup, 3L)
Batting: RHB Jim Coffey 0-0: SINGLE (Groundball, 4M)
Zach Lewis to second
Batting: RHB Jorge Torrez 0-0: Called Strike
0-1: Ball
1-1: Ball
2-1: Foul Ball, location: 2F
2-2: Ball
3-2: Foul Ball, location: 2F
3-2: Hit by Pitch
Zach Lewis to third
Jim Coffey to second
Batting: RHB Roberto Ríos 0-0: SINGLE (Flyball, 8LS)
Zach Lewis scores
Jim Coffey to third
Jorge Torrez to second
Batting: SHB Carlton Reed 0-0: Ball
1-0: Swinging Strike
1-1: Ball
2-1: SINGLE (Line Drive, 34D)
Jim Coffey scores
Jorge Torrez to third
Roberto Ríos to second
Runner from 3rd tries for Home, SAFE, no throw or cutoff
Batting: RHB Oliver Aranda 0-0: Ball
1-0: Swinging Strike
1-1: 3-RUN HOME RUN (Flyball, 7D), Distance : 403 ft
Pitching: RHP David Francisco
Batting: RHB Miguel Vidro 0-0: Called Strike
0-1: Ball
1-1: Ball
2-1: Ball
3-1: Base on Balls
Batting: RHB Ichiyo Fujii 0-0: Ball
1-0: Foul Ball, location: 2F
1-1: Ball
2-1: Swinging Strike
2-2: Ball
3-2: Ground out 5-3 (Groundball, 56S)
Miguel Vidro to second
Batting: RHB Zach Lewis 0-0: Foul Ball, location: 2F
0-1: Ball
1-1: Fly out, F7 (Line Drive, 7S)
Bottom of the 8th over - 6 run(s), 4 hit(s), 1 error(s), 1 left on base; Naperville 2 - Salt Lake City 12
TOP OF THE 9TH
Naperville Battlekings batting - Pitching for Salt Lake City Buzz : RHP Alberto García
Batting: RHB Tim Little 0-0: Ball
1-0: Ball
2-0: Foul Ball, location: 2F
2-1: SINGLE (Line Drive, 34D)
Batting: LHB Alfonso Martínez 0-0: Foul Ball, location: 2F
0-1: Fly out, F8 (Flyball, 89M)
Batting: RHB Scott Peterson 0-0: Called Strike
0-1: Ground out 3-1 (Groundball, 34S)
Tim Little to second
Batting: RHB Tony Sánchez 0-0: Called Strike
0-1: Ground out 5-3 (Groundball, 5)
Top of the 9th over - 0 run(s), 1 hit(s), 0 error(s), 1 left on base; Naperville 2 - Salt Lake City 12
This league is powered by Out of the Park Baseball, the baseball management simulation game for PC, Mac and Linux
Friday, April 15th, 2016 - OOTP Baseball 16.9 Build 39